 Dungeon Crawl Stone Soup version 0.24-a0-317-g5cb8de4 (webtiles) character file.

Game seed: 6175093657847618301

1548 Reshafted the Chucker (level 8, 0/63 HPs)
             Began as a Demonspawn Hunter on May 17, 2019.
             Was an Initiate of Dithmenos.
             Slain by an ogre
             ... wielding a +0 giant spiked club
              (11 damage)
             ... on level 9 of the Dungeon.
             The game lasted 00:15:36 (6564 turns).

Reshafted the Chucker (Demonspawn Hunter)           Turns: 6564, Time: 00:15:37

Health: 0/63       AC: 10    Str: 15    XL:     8   Next: 57%
Magic:  8/8        EV: 11    Int: 12    God:    Dithmenos [......]
Gold:   309        SH:  0    Dex: 14    Spells: 7/7 levels left

rFire    + + .     SeeInvis .   h - +2 dagger (elec)
rCold    . . .     Gourm    .   (no shield)
rNeg     . . .     Faith    .   e - +0 ring mail (curse)
rPois    .         Spirit   .   A - +0 helmet
rElec    .         Reflect  .   v - scarf {repulsion}
rCorr    .         Harm     .   p - +0 pair of gloves
MR       .....                  k - +0 pair of boots
Stlth    +.........             D - amulet of the acrobat
HPRegen  0.20/turn              C - ring of protection from fire
MPRegen  0.11/turn              E - ring of protection from fire

@: lethally poisoned (0 -> -3), very slightly contaminated, slowed, repel
missiles, very slow
A: rugged brown scales 1, foul stench 1, rot immunity
a: Renounce Religion


You were on level 9 of the Dungeon.
You worshipped Dithmenos.
Dithmenos was noncommittal.
You were not hungry.

You visited 1 branch of the dungeon, and saw 8 of its levels.

You collected 309 gold pieces.

Inventory:

Hand Weapons
 a - a +0 short sword
 h - a +2 dagger of electrocution (weapon)
 o - a +1 whip of venom
 x - a +2 hunting sling of flaming
 y - a +0 dagger of venom
 B - a +0 broad axe
Missiles
 n - 177 stones (quivered)
 z - 11 poisoned darts
Armour
 b - a +0 leather armour
 e - a cursed +0 ring mail (worn)
 k - a +0 pair of boots (worn)
 l - a +0 leather armour
 p - a +0 pair of gloves (worn)
 v - a scarf of repulsion (worn)
 A - a +0 helmet (worn)
 K - a cursed +0 leather armour
Jewellery
 C - a ring of protection from fire (left hand)
 D - an amulet of the acrobat (around neck)
 E - a ring of protection from fire (right hand)
 M - an uncursed ring of protection from cold {unknown}
Scrolls
 j - a scroll of magic mapping {unknown}
 q - a scroll of identify {unknown}
 r - a scroll of blinking {unknown}
 s - 2 scrolls of enchant weapon {unknown}
 u - a scroll of fear
 w - 2 scrolls of teleportation {unknown}
 F - a scroll of remove curse
 H - 2 scrolls of random uselessness {unknown}
 N - a scroll of silence {unknown}
Potions
 c - a potion of lignification
 i - a potion of mutation {unknown}
 G - a potion of degeneration {unknown}
 J - a potion of agility {unknown}
Comestibles
 f - 6 rations


   Skills:
 * Level 5.0 Fighting
 + Level 4.5 Short Blades
 + Level 6.0 Throwing
 - Level 5.1 Armour
 - Level 1.7 Dodging
 - Level 2.5 Stealth


You had 7 spell levels left.
You didn't know any spells.
Your spell library was empty.

Dungeon Overview and Level Annotations

Branches:
Dungeon (9/15)               Lair (0/6) D:8
 Temple: D:4-7          Orc: D:9-12

Altars:
Ashenzari
Dithmenos
Elyvilon

Shops:
D:5 *


Innate Abilities, Weirdness & Mutations

You are partially covered in rugged brown scales. (AC +1, +3% HP)
You may emit foul miasma when damaged in melee.
You are immune to rotting.


Message History

You feel as though you will be slow longer.
The hornet is engulfed in dark miasma.
The hornet looks even sicker.
You kill the hornet!
Dithmenos accepts your kill.
Your life force feels restored.
Your Fighting skill increases to level 5!
Your Throwing skill increases to level 6!
You feel sick.
You feel sick.
You feel sick.
You flicker back into view.
You feel sick.
There is an open door here.
You feel sick.
You feel sick.
You see here a water moccasin skeleton.
You feel sick. The ogre closely misses you.
You closely miss the ogre.
The ogre hits you with a +0 giant spiked club!
You die...

#+# # #.# # #.#
+## ###.### .(.
######....÷# #
#.##
#.))O....(.####
...
#.####.......##
#.####.#
#.....#..'
#.÷@O..#
#.....####
###.####
#.....# #
#.......#
####### #
#########


You could see an ogre.

Vanquished Creatures
  A hornet (D:9)
  Menkaure (D:4)
  2 water moccasins
  3 ice beasts (D:5)
  A bullfrog (D:9)
  A scorpion (D:5)
  3 wights (D:9)
  A howler monkey (D:9)
  A crimson imp (D:5)
  2 orc priests (D:4)
  2 hounds
  Jessica (D:2)
  Natasha (thrice) (D:2)
  A worker ant (D:4)
  Robin (D:4)
  9 adders
  An adder skeleton (D:3)
  4 worms
  4 leopard geckos
  13 orcs
  3 ball pythons
  3 giant cockroaches
  11 goblins
  8 hobgoblins
  7 jackals
  5 kobolds
  5 quokkas
  A ball python zombie (D:5)
  9 bats
  3 frilled lizards
  5 rats
115 creatures vanquished.

Notes
Turn   | Place    | Note
-------+----------+-------------------------------------------
     0 | D:1      | Reshafted the Demonspawn Hunter began the quest for the
                  | Orb.
     0 | D:1      | Reached XP level 1. HP: 16/16 MP: 1/1
   246 | D:1      | Gained mutation: You are partially covered in rugged brown
                  | scales. (AC +1, +3% HP) [demonic ancestry]
   246 | D:1      | Reached XP level 2. HP: 8/22 MP: 2/2
   450 | D:1      | Reached skill level 4 in Throwing
   809 | D:1      | Reached skill level 1 in Armour
  1144 | D:2      | Reached skill level 1 in Stealth
  1151 | D:2      | Noticed Natasha
  1164 | D:2      | Killed Natasha
  1164 | D:2      | Reached XP level 3. HP: 25/27 MP: 3/3
  1333 | D:2      | Reached XP level 4. HP: 30/33 MP: 4/4
  1356 | D:2      | Noticed Natasha
  1368 | D:2      | Killed Natasha
  1368 | D:2      | Reached skill level 1 in Short Blades
  1625 | D:2      | Noticed Natasha
  1633 | D:2      | Killed Natasha
  2176 | D:2      | Noticed Jessica
  2181 | D:2      | Killed Jessica
  2181 | D:2      | Gained mutation: You are immune to rotting. [demonic
                  | ancestry]
  2181 | D:2      | Reached XP level 5. HP: 25/40 MP: 5/5
  3789 | D:4      | Gained mutation: You may emit foul miasma when damaged in
                  | melee. [demonic ancestry]
  3789 | D:4      | Reached XP level 6. HP: 13/47 MP: 6/6
  4067 | D:4      | Noticed Robin
  4092 | D:4      | Killed Robin
  4584 | D:4      | Found a white marble altar of Elyvilon.
  4767 | D:4      | Noticed Menkaure
  4770 | D:4      | Killed Menkaure
  4770 | D:4      | Reached skill level 5 in Throwing
  4897 | D:5      | Entered Level 5 of the Dungeon
  4950 | D:5      | Reached XP level 7. HP: 37/53 MP: 7/7
  5342 | D:5      | Found Deffatuaku's Serpentskin Sales.
  5618 | D:5      | Found a shattered altar of Ashenzari.
  5755 | D:5      | Found a shadowy altar of Dithmenos.
  5758 | D:5      | Became a worshipper of Dithmenos the Shadowed
  6054 | D:5      | Reached skill level 5 in Armour
  6054 | D:5      | Reached XP level 8. HP: 51/61 MP: 8/8
  6143 | D:6      | You fall through a shaft for 2 floors!
  6151 | D:8      | Found a staircase to the Lair.
  6152 | D:8      | Noticed a two-headed ogre
  6522 | D:9      | Noticed a hornet
  6547 | D:9      | Paralysed by a hornet for 3 turns
  6551 | D:9      | HP: 3/62 [hornet (5)]
  6555 | D:9      | HP: 1/62 [hornet (5)]
  6556 | D:9      | Killed a hornet
  6556 | D:9      | Reached skill level 5 in Fighting
  6556 | D:9      | Reached skill level 6 in Throwing
  6564 | D:9      | Slain by an ogre

Levels and vault maps discovered:
D:1:      sevenhm_arrival_forest_fort_large_4, layout_loops_ring
D:2:      layout_basic, first_ration, uniq_jessica, uniq_natasha
D:3:      layout_loops_cross
D:4:      layout_loops_ring, elyvilon_altar_3, minmay_misc_feat_alley,
          patterned_corridor, uniq_menkaure, uniq_robin
D:5:      layout_loops_corners, nicolae_ashenzari_panopticon, kennysheep_mini,
          kennysheep_cluttered_room, minmay_misc_feat_nine_boxes,
          guppyfry_shop_venom
D:6:      layout_cave_pods, old_standard_altar, kiku_gazebo_garden_becter,
          grunt_gozag_statues
D:8:      layout_rooms, cheibriados_altar_1, erik_lair_orcish_takeover,
          blue_anna_alchemist [blue_anna_fruit_fields, blue_anna_fruit_fields],
          introduction_to_nature_2
D:9:      layout_roguey, nicolae_overflow_crystal_walls

Skill      XL: |  1  2  3  4  5  6  7  8 |
---------------+-------------------------+-----
Throwing       | 4 5 6 |  6.0
Armour         | 1 2 3 4 5 |  5.1
Stealth        | 1 2 |  2.5
Short Blades   | 1 2 3 4 |  4.5
Fighting       | 3 5 |  5.0
Dodging        | |  1.7

Action                   |  1- 3 |  4- 6 |  7- 9 || total
-------------------------+-------+-------+-------++-------
Melee: Short sword       |    40 |       |       ||    40
       Dagger            |    47 |   178 |   113 ||   338
Throw: Javelin           |     8 |    16 |     7 ||    31
       Stone             |     6 |    93 |     4 ||   103
       Dart              |       |       |     1 ||     1
       Throwing net      |       |       |     2 ||     2
  Use: Scroll            |       |     2 |       ||     2
       Potion            |       |       |     7 ||     7
 Stab: Invisible         |       |       |     3 ||     3
  Eat: Chunk             |     1 |    12 |     3 ||    16
       Ration            |       |       |     1 ||     1
Armor: Leather armour    |    41 |    21 |       ||    62
       Ring mail         |       |    33 |    40 ||    73
Dodge: Dodged            |    59 |    76 |    76 ||   211

Table legend:
 A = Non-vault XP
 B = Vault XP
 C = Vault XP percentage of total XP
 D = Non-vault monster count
 E = Vault monster count
 F = Vault count percentage of total count
                 A         B        C        D         E       F
            +---------+---------+-------+---------+---------+-------
      Total |    1762 |     450 |  20.3 |      98 |      17 |  14.8
            +---------+---------+-------+---------+---------+-------
        D:1 |      31 |       0 |   0.0 |      19 |       0 |   0.0
        D:2 |     138 |      72 |  34.3 |      19 |       2 |   9.5
        D:3 |      71 |       0 |   0.0 |      19 |       0 |   0.0
        D:4 |     173 |     185 |  51.7 |      24 |       9 |  27.3
        D:5 |     566 |     193 |  25.4 |       9 |       6 |  40.0
        D:9 |     783 |       0 |   0.0 |       8 |       0 |   0.0
            +---------+---------+-------+---------+---------+-------
